 Dungeon Crawl Stone Soup version 0.21.1-1-g345015f (webtiles) character file.

3035 wojtek the Cleaver (level 9, -10/81 HPs)
             Began as a Minotaur Fighter on Apr 6, 2018.
             Was a Priest of Makhleb.
             Mangled by a two-headed ogre
             ... wielding a +0 giant club
              (28 damage)
             ... on level 8 of the Dungeon.
             The game lasted 00:09:35 (6177 turns).

wojtek the Cleaver (Minotaur Fighter)               Turns: 6177, Time: 00:09:36

Health: -10/81     AC: 10    Str: 25    XL:     9   Next: 56%
Magic:  12/12      EV: 13    Int:  5    God:    Makhleb [***...]
Gold:   473        SH:  0    Dex:  9    Spells: 8/8 levels left

rFire    + + .     SeeInvis +   I - +0 battleaxe
rCold    + . .     Gourm    .   (shield currently unavailable)
rNeg     . . .     Faith    .   s - +4 ring mail {rF+}
rPois    .         Spirit   .   (helmet restricted)
rElec    .         Reflect  .   q - scarf {rC+ rF+}
rCorr    .         Harm     .   (no gloves)
MR       +....                  (no boots)
Stlth    ..........             (no amulet)
HPRegen  0.23/turn              D - ring "Niett" {+Inv MR+ SInv}
MPRegen  0.13/turn              (no ring)

@: no status effects
A: retaliatory headbutt, horns 2
a: Minor Destruction, Lesser Servant of Makhleb, Renounce Religion, Evoke
Invisibility


You were on level 8 of the Dungeon.
You worshipped Makhleb.
Makhleb was most pleased with you.
You were not hungry.

You visited 1 branch of the dungeon, and saw 8 of its levels.

You collected 473 gold pieces.

Inventory:

Hand Weapons
 a - a +0 war axe
 I - a +0 battleaxe (weapon)
Armour
 c - a +0 shield
 q - a scarf of resistance (worn)
 s - a +4 ring mail of fire resistance (worn)
 x - a +0 chain mail
Jewellery
 D - the ring "Niett" (left hand) {+Inv MR+ SInv}
   (You found it on level 4 of the Dungeon)

   [ring of see invisible]

   It affects your resistance to hostile enchantments.
   It lets you see invisible.
   It lets you turn invisible.
 J - an uncursed ring of resist corrosion {unknown}
Wands
 r - a wand of flame (76)
 E - a wand of paralysis (14)
Scrolls
 b - 2 scrolls of remove curse
 e - 3 scrolls of amnesia {unknown}
 g - a scroll of enchant weapon {unknown}
 i - 9 scrolls of identify
 j - 6 scrolls of teleportation
 l - 2 scrolls of fog {unknown}
 o - a scroll of random uselessness {unknown}
 u - a scroll of fear {unknown}
 y - 2 scrolls of enchant armour {unknown}
 H - a scroll of noise {unknown}
Potions
 d - 2 potions of might
 h - a potion of lignification {unknown}
 k - a potion of agility
 m - 2 potions of flight {unknown}
 n - a potion of brilliance {unknown}
 p - 2 potions of berserk rage {unknown}
 v - a potion of heal wounds {unknown}
 w - a potion of haste {unknown}
 z - 2 potions of invisibility {unknown}
 A - 3 potions of curing {unknown}
 B - a potion of mutation {unknown}
 F - 2 potions of degeneration {unknown}
 G - 2 potions of resistance {unknown}
Books
 t - a book of Minor Magic

   Spells                             Type                      Level
   a - Magic Dart                     Conjuration                  1
   b - Blink                          Translocation                2
   c - Call Imp                       Summoning                    2
   d - Slow                           Hexes                        2
   e - Conjure Flame                  Conjuration/Fire             3
   f - Mephitic Cloud                 Conjuration/Poison/Air       3
Comestibles
 f - 17 rations
 C - 10 chunks of flesh


   Skills:
 + Level 7.8 Fighting
 + Level 8.7 Axes
 + Level 7.7 Armour
 + Level 6.0 Dodging
 - Level 3.6 Shields
 + Level 5.5 Invocations


You had 8 spell levels left.
You didn't know any spells.

Dungeon Overview and Level Annotations

Branches:
Dungeon (8/15)             Temple (0/1) D:6
   Lair: D:8-11

Altars:
Cheibriados
Elyvilon
Gozag
Kikubaaqudgha
Makhleb
Nemelex Xobeh
Okawaru
Uskayaw
Vehumet
Wu Jian
Zin

Shops:
D:5 %


Innate Abilities, Weirdness & Mutations

You reflexively headbutt those who attack you in melee.
You have a pair of horns on your head.


Message History

The two-headed ogre barely misses you.
The two-headed ogre hits you with a giant spiked club!
You hit the two-headed ogre.
The two-headed ogre is heavily wounded.
The two-headed ogre barely misses you. x2
You hit the two-headed ogre.
The two-headed ogre is severely wounded.
The two-headed ogre hits you with a giant club!
The two-headed ogre hits you but does no damage.
You completely miss the two-headed ogre.
The two-headed ogre is severely wounded.
The two-headed ogre hits you but does no damage.
The two-headed ogre hits you with a giant spiked club!
* * * LOW HITPOINT WARNING * * *
You barely miss the two-headed ogre. You headbutt the two-headed ogre.
The two-headed ogre is severely wounded.
The two-headed ogre closely misses you. You furiously retaliate!
You headbutt the two-headed ogre.
The two-headed ogre hits you with a giant spiked club!!
You die...

...#.#.#.#
....#...#.#
... #.###.#
... #...#.#
#####.#.#
........#
...####.# #.#
#@# #O# #K#
..KK..KK....#
...######.#.#
.# ###
#.######.#
#..).....#


You could see a two-headed ogre, a big kobold and 2 kobolds.

Vanquished Creatures
  A troll (D:7)
  A spriggan (D:7)
  An orc warrior (D:7)
  2 ice beasts (D:7)
  2 phantoms
  4 ogres
  A centaur (D:6)
  A big kobold (D:8)
  4 bullfrogs
  A water moccasin zombie (D:7)
  A wyvern skeleton (D:6)
  3 scorpions
  2 howler monkeys (D:4)
  A bullfrog skeleton (D:4)
  3 crimson imps
  A quasit (D:7)
  2 hounds
  A jelly (D:5)
  A centaur skeleton (D:4)
  A gnoll shaman (D:5)
  4 orc priests
  Crazy Yiuf (D:7)
  Ijyb (D:3)
  5 orc wizards
  3 iguanas
  A statue (D:6)
  6 worker ants
  A worker ant zombie (D:6)
  5 gnolls (D:5)
  3 adders
  A shadow imp (D:5)
  An ooze (D:1)
  3 worms
  3 dart slugs
  8 leopard geckos
  23 orcs
  A ball python (D:3)
  12 giant cockroaches
  5 goblins
  6 hobgoblins
  12 jackals
  13 kobolds
  2 quokkas
  9 bats
  4 frilled lizards
  A jackal skeleton (D:5)
  A jackal zombie (D:6)
  A quokka skeleton (D:4)
  4 rats
174 creatures vanquished.

Notes
Turn   | Place    | Note
-------+----------+-------------------------------------------
     0 | D:1      | wojtek the Minotaur Fighter began the quest for the Orb.
     0 | D:1      | Reached XP level 1. HP: 19/19 MP: 0/0
    60 | D:1      | Reached skill level 3 in Axes
   312 | D:1      | Reached XP level 2. HP: 26/26 MP: 1/1
   425 | D:1      | Reached skill level 4 in Axes
   640 | D:1      | Reached XP level 3. HP: 31/31 MP: 2/2
  1111 | D:2      | Reached skill level 5 in Axes
  1200 | D:2      | Reached XP level 4. HP: 29/39 MP: 3/3
  1213 | D:2      | Found an iron altar of Okawaru.
  1345 | D:2      | Found a white marble altar of Elyvilon.
  1353 | D:2      | Found a snail-covered altar of Cheibriados.
  1353 | D:2      | Found a burning altar of Makhleb.
  1370 | D:2      | Became a worshipper of Makhleb the Destroyer
  1563 | D:3      | Noticed Ijyb
  1577 | D:3      | Killed Ijyb
  1757 | D:3      | Found a hide-covered altar of Uskayaw.
  1758 | D:3      | Reached * piety under Makhleb
  1812 | D:3      | Reached skill level 1 in Dodging
  1922 | D:3      | Reached skill level 1 in Invocations
  1922 | D:3      | Reached XP level 5. HP: 11/46 MP: 4/4
  2458 | D:4      | Reached XP level 6. HP: 53/53 MP: 6/6
  2478 | D:4      | Reached skill level 6 in Axes
  2507 | D:4      | Found a glowing silver altar of Zin.
  2784 | D:4      | You fall through a shaft for 2 floors!
  2884 | D:5      | Entered Level 5 of the Dungeon
  2931 | D:5      | Reached XP level 7. HP: 55/60 MP: 3/7
  2933 | D:5      | Reached skill level 5 in Fighting
  2939 | D:5      | Reached skill level 5 in Armour
  3106 | D:5      | Found Gaxih's Food Boutique.
  3283 | D:5      | Reached ** piety under Makhleb
  3871 | D:4      | Got a translucent pewter ring
  4032 | D:6      | Found an opulent altar of Gozag.
  4079 | D:6      | Found a sparkling altar of Nemelex Xobeh.
  4134 | D:6      | Found a staircase to the Ecumenical Temple.
  4153 | D:6      | Reached skill level 7 in Axes
  4153 | D:6      | Reached XP level 8. HP: 70/70 MP: 9/9
  4364 | D:6      | Found an ancient bone altar of Kikubaaqudgha.
  4667 | D:6      | Found a radiant altar of Vehumet.
  5051 | D:7      | Noticed a troll
  5065 | D:7      | Killed a troll
  5065 | D:7      | Reached skill level 5 in Dodging
  5068 | D:7      | Reached skill level 8 in Axes
  5068 | D:7      | Reached XP level 9. HP: 55/79 MP: 11/11
  5147 | D:7      | Found an ornate altar of the Wu Jian Council.
  5377 | D:7      | Found a runed door.
  5381 | D:7      | Noticed Crazy Yiuf
  5383 | D:7      | Killed Crazy Yiuf
  5383 | D:7      | Reached skill level 5 in Invocations
  5474 | D:7      | Identified the ring "Niett" {+Inv MR+ SInv} (You found it on level 4 of the Dungeon)
  5568 | D:8      | Noticed a two-headed ogre
  5949 | D:8      | Reached *** piety under Makhleb
  6177 | D:8      | Mangled by a two-headed ogre

Skill      XL: |  1  2  3  4  5  6  7  8  9 |
---------------+----------------------------+-----
Axes           | 3 4 5 6 7 8 |  8.7
Dodging        | 1 2 3 5 6 |  6.0
Fighting       | 4 5 7 |  7.8
Armour         | 4 5 6 7 |  7.7
Invocations    | 1 2 3 4 5 |  5.5
Shields        | |  3.6

Action                   |  1- 3 |  4- 6 |  7- 9 || total
-------------------------+-------+-------+-------++-------
Melee: War axe           |    98 |   156 |   180 ||   434
       Headbutt          |    13 |    24 |    58 ||    95
       Battleaxe         |       |       |    91 ||    91
  Use: Scroll            |       |       |     5 ||     5
  Eat: Chunk             |     1 |     6 |    11 ||    18
Armor: Scale mail        |    49 |    33 |       ||    82
       Chain mail        |       |    31 |   116 ||   147
       Ring mail         |       |       |    28 ||    28
Dodge: Dodged            |    31 |    47 |   122 ||   200
Block: Shield            |    55 |    83 |    89 ||   227
